 Dungeon Crawl Stone Soup version 0.28-a0-919-g0b5b508569 (webtiles) character file.

Game seed: 8407346914150438601

15031 siradein the Prestidigitator (level 11, -1/87 HPs)
             Began as a Demonspawn Artificer on Nov 25, 2021.
             Was a Priest of Yredelemnul.
             Slain by an ice beast (4 damage)
             ... summoned by an ice statue
             ... in an ice cave.
             The game lasted 00:47:05 (17378 turns).

siradein the Prestidigitator (DsAr)                Turns: 17378, Time: 00:47:06

Health: -1/87      AC: 10    Str: 19    XL:     11   Next: 96%
Magic:  16/16      EV: 18    Int: 13    God:    Yredelemnul [***...]
Gold:   816        SH:  4    Dex: 24    Spells: 8/10 levels left

rFire   x . .      SeeInvis .   P - +10 dagger "Ringofu" {spect, Will+ Dex+6}
rCold   + . .      Faith    +   (no shield)
rNeg    . . .      Spirit   .   y - +0 troll leather armour
rPois   +          Reflect  .   (helmet restricted)
rElec   .          Harm     .   m - +1 cloak {Will+}
rCorr   .          Rampage  .   (no gloves)
Will    ++...                   (no boots)
Stlth   +++.......              O - amulet of faith
HPRegen 1.04/turn               N - ring of ice
MPRegen 0.15/turn               H - ring "Olasutis" {Fly rPois Str+4 Dex+4 Stlth+}

@: flying, studying Unarmed Combat
A: horns 1, slimy green scales 2, foul stench 1, condensation shield
a: Renounce Religion, Recall Undead Slaves, Injury Mirror, Animate Dead


You were in an ice cave.
You worshipped Yredelemnul.
Yredelemnul was most pleased with you.
You visited 3 branches of the dungeon, and saw 13 of its levels.
You also visited: Ice Cave.

You collected 816 gold pieces.

Inventory:

Hand Weapons
 h - a +4 dagger of venom
 r - a +3 spear of freezing
 v - a +1 vorpal glaive
 P - the +10 dagger "Ringofu" (weapon) {spect, Will+ Dex+6}
   (You found it on level 1 of the Lair of Beasts)

   When its wielder attacks, the weapon's spirit leaps out and strikes again.
   The spirit shares a part of any damage it takes with its wielder.
   Dex:       It affects your dexterity (+6).
   Will:      It increases your willpower.
Missiles
 a - 2 throwing nets
 s - 11 boomerangs
 K - 5 boomerangs of dispersal
Armour
 m - a +1 cloak of willpower (worn)
 y - a +0 troll leather armour (worn)
Jewellery
 f - an amulet of guardian spirit
 l - a ring of magical power
 w - a ring of wizardry
 H - the ring "Olasutis" (right hand) {Fly rPois Str+4 Dex+4 Stlth+}
   (You found it on level 9 of the Dungeon)

   [ring of flight]

   Str:       It affects your strength (+4).
   Dex:       It affects your dexterity (+4).
   rPois:     It protects you from poison.
   Fly:       It grants you flight.
   Stlth:     It makes you more stealthy.
 I - a +4 ring of evasion
 N - a ring of ice (left hand)
 O - an amulet of faith (around neck)
Wands
 c - a wand of flame (44)
 d - a wand of charming (24)
 D - a wand of digging (7)
 F - a wand of polymorph (12)
 L - a wand of paralysis (10)
Scrolls
 b - 4 scrolls of enchant weapon {unknown}
 g - 2 scrolls of magic mapping {unknown}
 j - 10 scrolls of identify {unknown}
 n - 2 scrolls of vulnerability {unknown}
 q - 2 scrolls of enchant armour {unknown}
 t - 6 scrolls of teleportation {unknown}
 u - 3 scrolls of fear
 A - 3 scrolls of blinking {unknown}
 E - a scroll of immolation {unknown}
 J - a scroll of fog {unknown}
Potions
 i - 3 potions of cancellation {unknown}
 k - a potion of degeneration
 o - a potion of attraction {unknown}
 p - 2 potions of magic {unknown}
 x - 2 potions of mutation {unknown}
 z - a potion of resistance {unknown}
 B - 2 potions of heal wounds {unknown}
 C - 3 potions of brilliance {unknown}
 G - 5 potions of flight {unknown}
 M - 2 potions of curing {unknown}
Miscellaneous
 e - a piece from Xom's chessboard (15/15)


   Skills:
 + Level 8.6 Fighting
 + Level 7.2 Polearms
 + Level 7.9 Armour
 + Level 7.8 Dodging
 - Level 0.8 Stealth
 + Level 7.8 Invocations
 + Level 9.1 Evocations


You had 8 spell levels left.
You knew the following spells:

 Your Spells              Type           Power      Damage    Failure   Level
a - Blink                 Tloc           0%         N/A       47%         2

Your spell library contained the following spells:

 Spells                   Type           Power      Damage    Failure   Level
 Call Canine Familiar     Summ           0%         N/A       71%         3
 Conjure Flame            Conj/Fire      0%         6-21      71%         3
 Gell's Gravitas          Tloc           0%         N/A       71%         3
 Ignite Poison            Fire/Tmut/Pois 0%         N/A       71%         3
 Lesser Beckoning         Tloc           0%         N/A       71%         3
 Portal Projectile        Hex/Tloc       0%         N/A       71%         3
 Teleport Other           Tloc           0%         N/A       71%         3
 Leda's Liquefaction      Hex/Erth       0%         N/A       98%         4
 Sticky Flame             Conj/Fire      0%         2d3       98%         4
 Manifold Assault         Tloc           0%         N/A       100%        5
 Dispersal                Tloc           0%         N/A       100%        6


Dungeon Overview and Level Annotations

Branches:
Dungeon (11/15)            Temple (1/1) D:7            Lair (1/6) D:11
    Orc (0/2) D:11          IceCv (1/1)

Altars:
Ashenzari
Cheibriados
Dithmenos
Elyvilon
Fedhas
Gozag
Hepliaklqana
Kikubaaqudgha
Makhleb
Nemelex Xobeh
Okawaru
Qazlal
Ru
Sif Muna
Trog
Uskayaw
Vehumet
Wu Jian
Xom
Yredelemnul
Zin
The Shining One

Shops:
D:2 :   D:6 *   D:10 [

Annotations:
D:7 2 transporters, siradein's ghost, novice DsFi IceCv exclusion: 2 ice statues


Innate Abilities, Weirdness & Mutations

You have a pair of small horns on your head.
You are mostly covered in slimy green scales. (AC +3)
You may rarely emit foul miasma when damaged in melee.
A meltable shield of frost defends you. (SH +4)


Message History

Your spectral weapon shares its damage with you!
The ice beast barely misses you.
You hit the ice statue but do no damage.
You headbutt the ice statue.
The ice statue is heavily damaged.
Your +10 dagger "Ringofu" {spect, Will+ Dex+6} hits the ice statue but does no damage.
You are engulfed in freezing vapours.
You resist.
Your +10 dagger "Ringofu" {spect, Will+ Dex+6} is engulfed in freezing vapours. x2
Your spectral weapon shares its damage with you!
The ice statue gestures at you. The bolt of cold hits you!! You resist.
The ice beast hits you but does no damage.
Your +10 dagger "Ringofu" {spect, Will+ Dex+6} is engulfed in freezing vapours.
You hit the ice statue but do no damage.
You headbutt the ice statue, but do no damage.
The ice statue is heavily damaged.
Your +10 dagger "Ringofu" {spect, Will+ Dex+6} hits the ice statue.
You are engulfed in freezing vapours.
You resist.
Your +10 dagger "Ringofu" {spect, Will+ Dex+6} fades away.
The ice beast misses you.
You hit the ice statue but do no damage.
You headbutt the ice statue.
The ice statue is severely damaged.
Your +10 dagger "Ringofu" {spect, Will+ Dex+6} hits the ice statue.
You are engulfed in freezing vapours.
You resist.
* * * LOW HITPOINT WARNING * * *
The ice beast barely misses you.
The ice statue gestures at your +10 dagger "Ringofu" {spect, Will+ Dex+6}.
The shard of ice hits your +10 dagger "Ringofu" {spect, Will+ Dex+6}!!
Your +10 dagger "Ringofu" {spect, Will+ Dex+6} partially resists.
Your spectral weapon shares its damage with you!
* * * LOW HITPOINT WARNING * * *
You are engulfed in freezing vapours.
You resist.
* * * LOW HITPOINT WARNING * * *
The ice beast barely misses you. The ice beast hits you.
* * * LOW HITPOINT WARNING * * *
The ice beast freezes you. You resist.
You die...
Your body rises from the dead as a mindless zombie.

#####
##...#####
##........##
#..........##
##..........#.
#...@.........
##..°Y........
#○○Y.......#
#8#○...#8##
####..## #
##..# ##..##
#..## #...##


You could see 2 ice statues and 2 ice beasts.

Vanquished Creatures
  Harold (D:8)
  4 two-headed ogres
  Maggie (D:10)
  A cane toad (Lair:1)
  Psyche (D:10)
  An unseen horror (D:11)
  2 kobold demonologists (D:11)
  An ice devil (IceCv)
  4 trolls
  Prince Ribbit (D:4)
  Grum (D:10)
  5 yaks
  2 wyverns (D:8)
  2 wraiths
  A basilisk (D:11)
  A steam dragon (D:8)
  3 wargs (D:11)
  Edmund (D:6)
  Duvessa (D:7)
  4 water moccasins
  4 orc warriors
  3 black bears
  A sky beast (D:4)
  2 centaurs
  2 ogres (D:4)
  A necrophage (D:4)
  2 wolves (D:9)
  A phantom (D:4)
  2 bullfrogs
  A gnoll sergeant (D:9)
  A cane toad simulacrum (IceCv)
  A scorpion (D:6)
  Dowan (D:7)
  7 killer bees
  4 wights (D:10)
  7 howler monkeys
  2 bullfrog zombies
  6 centaur zombies
  3 hounds
  3 centaur skeletons
  2 gnoll shamans
  5 orc priests
  2 jellies
  Jessica (D:2)
  6 iguanas
  6 orc wizards
  A troll simulacrum (IceCv)
  2 killer bee zombies
  A spriggan simulacrum (IceCv)
  2 hound skeletons (D:5)
  18 gnolls
  A howler monkey skeleton (D:5)
  8 adders
  A shadow imp (D:6)
  10 white imps
  2 ufetubi (IceCv)
  4 worms
  A dart slug (D:3)
  25 orcs
  10 ball pythons
  10 endoplasms
  4 giant cockroaches (D:1)
  7 goblins
  5 hobgoblins
  4 jackals (D:3)
  7 quokkas
  4 bats
  4 frilled lizards (D:1)
  8 kobolds
  10 rats
263 creatures vanquished.

Vanquished Creatures (collateral kills)
  A two-headed ogre (D:11)
  A wyvern (D:11)
  A shadow (D:11)
  A vampire (D:11)
  A basilisk (D:11)
  A yak (D:11)
  3 water moccasins (D:11)
  3 killer bees (D:11)
  5 white imps (D:11)
  An orc (D:10)
  A bush (D:11)
19 creatures vanquished.

Vanquished Creatures (others)
  An orc wizard (D:3)
  A gnoll (D:9)
  2 two-headed ogre zombies (D:11)
  A warg zombie (D:11)
  2 water moccasin zombies (D:11)
  An orc (D:10)
  2 kobold zombies (D:11)
  4 orc zombies (D:10)
  A troll zombie (D:10)
  3 yak zombies
  A bush (D:11)
  7 fungi
  23 plants
49 creatures vanquished.

Grand Total: 331 creatures vanquished

Notes
Turn   | Place    | Note
-------+----------+-------------------------------------------
     0 | D:1      | siradein the Demonspawn Artificer began the quest for the
                  | Orb.
     0 | D:1      | Reached XP level 1. HP: 15/15 MP: 1/1
    81 | D:1      | Reached skill level 1 in Dodging
   212 | D:1      | Gained mutation: You have a pair of small horns on your
                  | head. [demonic ancestry]
   212 | D:1      | Reached XP level 2. HP: 11/21 MP: 2/2
   947 | D:1      | Found a faded altar of an unknown god.
  1030 | D:1      | Reached XP level 3. HP: 14/26 MP: 3/3
  2196 | D:2      | Found Astri Naf's Book Shoppe.
  2702 | D:2      | Reached XP level 4. HP: 32/33 MP: 4/4
  2751 | D:2      | Noticed Jessica
  2778 | D:2      | Killed Jessica
  3219 | D:3      | Reached XP level 5. HP: 37/39 MP: 3/5
  4150 | D:2      | Reached skill level 4 in Evocations
  4437 | D:3      | Gained mutation: A meltable shield of frost defends you.
                  | (SH +4) [demonic ancestry]
  4437 | D:3      | Reached XP level 6. HP: 37/47 MP: 6/6
  4833 | D:4      | Reached skill level 1 in Polearms
  5851 | D:4      | Reached XP level 7. HP: 26/52 MP: 2/7
  6645 | D:5      | Entered Level 5 of the Dungeon
  7018 | D:5      | Noticed Prince Ribbit
  7049 | D:4      | Killed Prince Ribbit
  7050 | D:4      | Reached skill level 5 in Evocations
  7475 | D:4      | Gained mutation: You are partially covered in slimy green
                  | scales. (AC +2) [demonic ancestry]
  7475 | D:4      | Reached XP level 8. HP: 53/60 MP: 8/8
  8966 | D:5      | Reached skill level 5 in Fighting
  9184 | D:5      | Reached skill level 6 in Evocations
  9259 | D:6      | Reached skill level 5 in Armour
  9657 | D:6      | Noticed Edmund
  9673 | D:6      | Killed Edmund
  9674 | D:6      | Reached XP level 9. HP: 60/68 MP: 9/9
 10072 | D:6      | Reached skill level 5 in Dodging
 10089 | D:6      | Found Uqadano's Assorted Antiques.
 10451 | D:7      | Noticed a troll
 10461 | D:7      | Killed a troll
 10531 | D:7      | Found a transporter.
 10543 | D:7      | Noticed Dowan
 10544 | D:7      | Noticed Duvessa
 10586 | D:7      | Killed Duvessa
 10588 | D:7      | Killed Dowan
 10629 | D:7      | Noticed siradein's ghost (novice DsFi)
 10629 | D:7      | Noticed a cyclops
 10640 | D:7      | Found a transporter.
 10641 | D:7      | Noticed a troll
 10953 | D:7      | Found a staircase to the Ecumenical Temple.
 10959 | Temple   | Entered the Ecumenical Temple
 11181 | Temple   | Became a worshipper of Yredelemnul the Dark
 11801 | D:8      | Reached skill level 1 in Invocations
 12412 | D:8      | Learned a level 2 spell: Blink
 12434 | D:9      | Noticed Harold
 12462 | D:8      | Reached skill level 7 in Evocations
 12648 | D:8      | Killed Harold
 12649 | D:8      | Reached skill level 5 in Polearms
 12649 | D:8      | Gained mutation: You may rarely emit foul miasma when
                  | damaged in melee. [demonic ancestry]
 12649 | D:8      | Reached XP level 10. HP: 26/77 MP: 3/12
 13174 | D:8      | Reached * piety under Yredelemnul
 13207 | D:9      | Noticed a two-headed ogre
 13271 | D:8      | Killed a two-headed ogre
 13387 | D:9      | Identified the ring "Olasutis" {Fly rPois Str+4 Dex+4
                  | Stlth+}
 13586 | D:9      | Identified the +1 robe of Impermeability {rPois Int+3}
 14223 | D:10     | Entered Level 10 of the Dungeon
 14226 | D:10     | Noticed Grum
 14344 | D:10     | Killed Grum
 14636 | D:10     | Noticed a two-headed ogre
 14727 | D:9      | Killed a two-headed ogre
 14728 | D:9      | Reached skill level 5 in Invocations
 14866 | D:10     | Noticed a +0 dagger
 14866 | D:10     | Noticed a +0 falchion
 14867 | D:10     | Noticed a +0 short sword
 14867 | D:10     | Noticed a +0 falchion
 14867 | D:10     | Noticed a +0 spear
 14869 | D:10     | Noticed a +0 short sword
 14870 | D:10     | Noticed a +0 dagger
 14872 | D:10     | Noticed a +0 spear
 14874 | D:10     | Noticed Maggie
 14894 | D:10     | Killed Maggie
 14905 | D:10     | Found a hide-covered altar of Uskayaw.
 14944 | D:10     | Found Dillaph's Armour Shop.
 14998 | D:10     | Reached skill level 8 in Evocations
 15062 | D:10     | Noticed Psyche
 15199 | D:10     | Killed Psyche
 15258 | D:10     | Gained mutation: You are mostly covered in slimy green
                  | scales. (AC +3) [demonic ancestry]
 15258 | D:10     | Reached XP level 11. HP: 67/84 MP: 8/15
 15543 | D:10     | You are sucked into a shaft and drop 1 floor!
 15594 | D:11     | Reached ** piety under Yredelemnul
 15665 | D:11     | Noticed a two-headed ogre
 15665 | D:11     | Noticed a two-headed ogre
 15719 | D:11     | Killed a two-headed ogre
 16006 | D:11     | Found a staircase to the Lair.
 16022 | D:11     | Killed a two-headed ogre
 16028 | D:11     | Found a staircase to the Orcish Mines.
 16398 | D:11     | Noticed a soul eater
 16402 | D:11     | Noticed a sixfirhy
 16544 | D:11     | Noticed a two-headed ogre
 16584 | D:11     | Killed a two-headed ogre
 16879 | Lair:1   | Entered Level 1 of the Lair of Beasts
 16879 | Lair:1   | Found a frozen archway.
 16901 | Lair:1   | Reached skill level 9 in Evocations
 17233 | Lair:1   | Identified the +10 dagger "Ringofu" {spect, Will+ Dex+6}
 17277 | IceCv    | Entered an ice cave
 17320 | IceCv    | Reached *** piety under Yredelemnul
 17377 | IceCv    | HP: 1/87 [ice statue] (8)]
 17378 | IceCv    | Slain by an ice beast

Illustrated notes

Levels and vault maps discovered:
D:1:      matt_arrival_diagonals, layout_basic,
          dreamdust_ecumenical_altar_sealed_demon,
          chequers_serial_rivers_small_3, solitary_fountain
D:2:      layout_basic, serial_shops, shop, uniq_jessica
D:3:      layout_basic
D:4:      layout_loops_cross, columned_hall_lemuel
D:5:      layout_rooms, hangedman_glass_teeth, minmay_misc_feat_iff,
          minmay_manual_mail, uniq_prince_ribbit1
D:6:      layout_basic, serial_shops, kennysheep_mini_moat,
          minmay_misc_feat_doors, uniq_edmund
D:7:      layout_basic, temple_statues, nzn_ghost_randoct, uniq_duvessa
D:8:      layout_basic
D:9:      layout_loops_ring, minmay_misc_feat_x, uniq_harold
D:10:     layout_irregular_city, nicolae_uskayaw_en_pointe, serial_shops, shop,
          wad_rectangle_vault, uniq_grum, uniq_psyche, uniq_maggie
D:11:     layout_irregular_city, minmay_lair_entry_grove,
          minmay_orc_entry_guard_dogs
Temple:   roderic_octagonal_lattice_temple
Lair:1:   layout_chaotic_city, portal_ice_cave_entry_imps, serial_bayou_shore_a,
          grunt_megastairs_3, lemuel_fruit_fields, infiniplex_staircase_pool
IceCv:    ice_cave_small_demon

Skill      XL: |  1  2  3  4  5  6  7  8  9 10 11 |
---------------+----------------------------------+-----
Dodging        | 1 2 3 4 5 6 7 |  7.8
Armour         | 2 3 4 5 6 7 |  7.9
Fighting       | 2 3 4 5 6 7 8 |  8.6
Evocations     | 4 5 6 7 8 9 |  9.1
Polearms       | 1 2 4 5 6 7 |  7.2
Invocations    | 3 5 7 |  7.8
Stealth        | |  0.8

Action                   |  1- 3 |  4- 6 |  7- 9 | 10-12 || total
-------------------------+-------+-------+-------+-------++-------
Melee: Club              |    38 |       |       |       ||    38
       Dagger            |   125 |   130 |       |    93 ||   348
       Headbutt          |    27 |    51 |    96 |   112 ||   286
       Short sword       |    38 |       |       |       ||    38
       Halberd           |       |   104 |   263 |   118 ||   485
       Trident           |       |    41 |    11 |       ||    52
       Whip              |       |       |   191 |    13 ||   204
       Spear             |       |       |       |    74 ||    74
       Glaive            |       |       |       |   171 ||   171
Throw: Boomerang         |       |     4 |       |       ||     4
Invok: Animate Remains   |       |       |       |    21 ||    21
       Recall Undead Sla |       |       |       |     1 ||     1
Evoke: Piece from Xom's  |       |     6 |    14 |     2 ||    22
       Wand              |       |     1 |     4 |     1 ||     6
  Use: Potion            |       |       |     3 |       ||     3
       Scroll            |       |       |     1 |       ||     1
 Stab: Paralysed         |       |     5 |       |    16 ||    21
       Petrified         |       |     3 |     5 |       ||     8
       Distracted        |       |       |     1 |     3 ||     4
       Sleeping          |       |       |       |     4 ||     4
Armor: Scale mail        |    64 |     8 |       |       ||    72
       Plate armour      |       |   141 |   359 |       ||   500
       Skin              |       |       |     9 |       ||     9
       Troll leather arm |       |       |    50 |   112 ||   162
Dodge: Dodged            |    77 |    35 |   242 |   456 ||   810
Block: Other             |       |    17 |   107 |    95 ||   219

Table legend: (Time is in decaauts)
 A = Elapsed time spent in this place.
 B = Non-inter-level travel time spent in this place.
 C = Inter-level travel time spent in this place.
 D = Time resting spent in this place.
 E = Time spent auto-exploring this place.
 F = Levels seen in this place.
 G = Mean time per level.
                   A        B        C        D        E       F      G
               +--------+--------+--------+--------+--------+-----+--------+
         Total |  17601 |  17262 |    339 |   2764 |   9786 |  14 | 1257.2 |
       Dungeon |  16906 |  16585 |    321 |   2764 |   9410 |  11 | 1536.9 |
        Temple |    240 |    222 |     18 |      0 |    197 |   1 |  240.0 |
          Lair |    353 |    353 |      0 |      0 |    170 |   1 |  353.0 |
      Ice Cave |    100 |    100 |      0 |      0 |      9 |   1 |  100.0 |
               +--------+--------+--------+--------+--------+-----+--------+

Top non-repeatable levels by time:
     D:4: 2881 daAuts
     D:1: 2273 daAuts
     D:8: 1610 daAuts
     D:2: 1576 daAuts
     D:3: 1547 daAuts
    D:11: 1328 daAuts
    D:10: 1258 daAuts
     D:6: 1212 daAuts
     D:9: 1146 daAuts
     D:5: 1069 daAuts
     D:7: 1003 daAuts
  Lair:1: 353 daAuts
  Temple: 240 daAuts
   IceCv: 100 daAuts
